 Dungeon Crawl Stone Soup version 0.24.1-1-gd1d2a07e1b (webtiles) character file.

Game seed: 1985900657461914484, levelgen mode: deterministic

653 Doot the Stinger (level 7, -6/48 HPs)
             Began as a Demonspawn Venom Mage on Apr 8, 2020.
             Mangled by an orc warrior
             ... wielding a +0 war axe
              (17 damage)
             ... on level 5 of the Dungeon.
             The game lasted 00:08:13 (3891 turns).

Doot the Stinger (Demonspawn Venom Mage)            Turns: 3891, Time: 00:08:13

Health: -6/48      AC:  7    Str:  9    XL:     7   Next: 28%
Magic:  12/12      EV: 13    Int: 18    God:
Gold:   94         SH:  0    Dex: 13    Spells: 3/13 levels left

rFire    + . .     SeeInvis .   u - +2 short sword (venom)
rCold    . . .     Gourm    .   (no shield)
rNeg     . . .     Faith    .   a - +0 robe
rPois    .         Spirit   .   (no helmet)
rElec    .         Reflect  .   (no cloak)
rCorr    .         Harm     .   (no gloves)
MR       .....                  t - +0 pair of boots
Stlth    ++........             q - amulet of magic regeneration
HPRegen  0.16/turn              (no ring)
MPRegen  0.38/turn              (no ring)

@: very slightly contaminated
A: claws 1, molten scales 3, rot immunity
a: no special abilities


You were on level 5 of the Dungeon.
You were very hungry.

You visited 1 branch of the dungeon, and saw 6 of its levels.

You collected 94 gold pieces.

Inventory:

Hand Weapons
 d - a +0 whip
 h - a +0 dagger of venom
 m - a +2 whip of draining
 u - a +2 short sword of venom (weapon)
Armour
 a - a +0 robe (worn)
 t - a +0 pair of boots (worn)
Jewellery
 q - an amulet of magic regeneration (around neck)
 r - a cursed amulet of inaccuracy {unknown}
 w - an uncursed amulet of harm {unknown}
Scrolls
 e - a scroll of amnesia {unknown}
 f - 4 scrolls of remove curse {unknown}
 g - a scroll of enchant armour {unknown}
 j - 5 scrolls of identify {unknown}
 l - a scroll of blinking {unknown}
 n - 2 scrolls of teleportation {unknown}
 o - 3 scrolls of enchant weapon {unknown}
 p - a scroll of immolation {unknown}
Potions
 b - 2 potions of ambrosia {unknown}
 i - a potion of haste {unknown}
 k - a potion of heal wounds {unknown}
 v - a potion of invisibility {unknown}
 x - 5 potions of degeneration {unknown}
 z - a potion of curing {unknown}
Comestibles
 c - 8 rations
 s - 3 chunks of flesh


   Skills:
 + Level 1.5 Fighting
 + Level 1.7 Short Blades
 + Level 1.6 Maces & Flails
 + Level 2.6 Dodging
 + Level 2.3 Stealth
 + Level 3.8 Spellcasting
 + Level 1.4 Conjurations
 + Level 2.6 Air Magic
 + Level 5.0 Poison Magic


You had 3 spell levels left.
You knew the following spells:

 Your Spells              Type           Power        Failure   Level  Hunger
a - Sting                 Conj/Pois      ###.         4%          1    None
b - Poisonous Vapours     Pois/Air       ###...       4%          2    ##.....
c - Mephitic Cloud        Conj/Pois/Air  ##......     13%         3    ###....
d - Olgreb's Toxic Radia  Pois           ###.....     19%         4    ####...

Your spell library contained the following spells:

 Spells                   Type           Power        Failure   Level  Hunger
 Venom Bolt               Conj/Pois      ###.......   73%         5    ######.


Dungeon Overview and Level Annotations

Branches:
Dungeon (6/15)
 Temple: D:4-7

Altars:
Cheibriados
Makhleb
Yredelemnul

Shops:
D:6 *

Annotations:
D:2 Robin
D:6 Edmund


Innate Abilities, Weirdness & Mutations

You have sharp fingernails.
You are completely covered in molten scales. (AC +4, rF+)
You are immune to rotting.


Message History

Confirm with . or Enter, or press ? or * to list all spells.
You miscast Olgreb's Toxic Radiance.
You feel mildly nauseous.
The orc warrior hits you with a +0 war axe!
An orc comes into view.
Unknown command.
Edmund the Younger comes into view.
He is wielding a +3 flail of protection.
Edmund shouts!
There is a stone staircase leading up here.
The orc warrior hits you with a +0 war axe!!
Ouch! That really hurt!
* * * LOW HITPOINT WARNING * * *
The orc shouts!
You climb upwards.
There is a stone staircase leading down here.
Unknown command.
Found a golden potion.
There is an escape hatch in the ceiling here.
You are feeling very hungry.
The orc warrior hits you with a +0 war axe!
You die...

.## #...## ..#
.#####....###.#
.............#
.............#
............###
.#####........### ###
..###..#........####.# ##
..##..###...###o.....# #.##
....###
##..####@....####...#.#
...## #........W.).#......#
##..## #.#####..........#
#...## #..## ##..###...##
##...####...## #.###.....#
#...........###.###.÷##...##
##...÷...............##
#....#
##...............##...#
#.###
.....#...........####.## .##


You could see a phantom (wandering) and an orc warrior.

Vanquished Creatures
  An ogre (D:4)
  Blork the orc (D:6)
  A bullfrog (D:4)
  2 hounds
  2 orc priests
  An orc wizard (D:6)
  2 iguanas (D:4)
  3 worker ants
  A killer bee zombie (D:5)
  A hound skeleton (D:5)
  A worker ant zombie (D:4)
  4 adders
  3 oozes
  An adder skeleton (D:4)
  2 worms
  2 dart slugs (D:1)
  3 leopard geckos
  9 orcs
  3 bats
  7 goblins
  3 hobgoblins
  8 frilled lizards
  5 kobolds
  A quokka skeleton (D:5)
  6 rats
73 creatures vanquished.

Notes
Turn   | Place    | Note
-------+----------+-------------------------------------------
     0 | D:1      | Doot the Demonspawn Venom Mage began the quest for the Orb.
     0 | D:1      | Reached XP level 1. HP: 13/13 MP: 3/3
   223 | D:1      | Gained mutation: You are partially covered in molten
                  | scales. (AC +2) [demonic ancestry]
   223 | D:1      | Reached XP level 2. HP: 13/19 MP: 0/5
   326 | D:1      | Learned a level 2 spell: Poisonous Vapours
   836 | D:1      | Gained mutation: You are mostly covered in molten scales.
                  | (AC +3) [demonic ancestry]
   836 | D:1      | Reached XP level 3. HP: 22/24 MP: 2/6
   853 | D:1      | Learned a level 3 spell: Mephitic Cloud
  1777 | D:2      | Reached XP level 4. HP: 30/30 MP: 4/7
  1810 | D:2      | Noticed Robin
  1891 | D:2      | Reached skill level 1 in Air Magic
  2257 | D:4      | Reached skill level 1 in Fighting
  2381 | D:4      | Noticed an ogre
  2397 | D:4      | Killed an ogre
  2397 | D:4      | Reached skill level 1 in Maces & Flails
  2397 | D:4      | Reached skill level 4 in Poison Magic
  2397 | D:4      | Gained mutation: You are completely covered in molten
                  | scales. (AC +4, rF+) [demonic ancestry]
  2397 | D:4      | Reached XP level 5. HP: 37/37 MP: 7/9
  2408 | D:4      | Learned a level 4 spell: Olgreb's Toxic Radiance
  2411 | D:4      | Noticed an ice beast
  2549 | D:5      | Entered Level 5 of the Dungeon
  2554 | D:5      | Gained mutation: You have sharp fingernails. [demonic
                  | ancestry]
  2554 | D:5      | Reached XP level 6. HP: 32/43 MP: 7/10
  2773 | D:5      | Found a basalt altar of Yredelemnul.
  2786 | D:5      | Found a snail-covered altar of Cheibriados.
  2787 | D:5      | Found a burning altar of Makhleb.
  3517 | D:4      | Reached skill level 1 in Short Blades
  3704 | D:5      | Gained mutation: You are immune to rotting. [demonic
                  | ancestry]
  3704 | D:5      | Reached XP level 7. HP: 35/48 MP: 12/12
  3731 | D:6      | Noticed Blork the orc
  3742 | D:6      | Killed Blork the orc
  3820 | D:6      | Found Ugawut's Lightly-Used Armoury.
  3837 | D:6      | Reached skill level 5 in Poison Magic
  3852 | D:6      | Noticed Edmund
  3891 | D:5      | Mangled by an orc warrior

Levels and vault maps discovered:
D:1:      roderic_lyre, layout_rooms
D:2:      layout_basic, chequers_ecumenical_altar_simple, uniq_robin
D:3:      layout_loops_corners
D:4:      layout_loops_ring, first_ration, serial_park_tiny_pond,
          nicolae_zen_rock_garden
D:5:      layout_layer_cave, kennysheep_mini, grunt_temple_overflow_open,
          kennysheep_mini_moat
D:6:      layout_rooms, minmay_shop_damaged, guppyfry_early_elven_hall,
          uniq_edmund, uniq_blork_the_orc

Skill      XL: |  1  2  3  4  5  6  7 |
---------------+----------------------+-----
Dodging        | 2 |  2.6
Stealth        | 2 |  2.3
Air Magic      | 1 2 |  2.6
Fighting       | 1 |  1.5
Maces & Flails | 1 |  1.6
Spellcasting   | 3 |  3.8
Poison Magic   | 4 5 |  5.0
Short Blades   | 1 |  1.7
Conjurations   | |  1.4

Action                   |  1- 3 |  4- 6 |  7- 9 || total
-------------------------+-------+-------+-------++-------
Melee: Unarmed           |     6 |       |       ||     6
       Whip              |    28 |    24 |       ||    52
       Short sword       |       |    89 |     2 ||    91
 Cast: Sting             |    33 |     7 |     2 ||    42
       Poisonous Vapours |    14 |    40 |       ||    54
       Olgreb's Toxic Ra |       |       |     3 ||     3
       Mephitic Cloud    |       |       |     1 ||     1
 Stab: Sleeping          |       |     1 |       ||     1
  Eat: Chunk             |     4 |     8 |     1 ||    13
Armor: Robe              |     9 |    38 |     1 ||    48
Dodge: Dodged            |    25 |    88 |     1 ||   114
